3A
BELLEVILLE BULLS @ MONROEVILLE YINZERS
09/05/2041
 
TOP OF THE 1ST
Belleville Bulls batting - Pitching for Monroeville Yinzers : RHP Todd Hunter
Pitching: RHP Todd Hunter
Batting: LHB Knox Loposer 0-0: Ground out 4-3 (Groundball, 4M, EV 86.9 MPH)
Batting: LHB Tony McMillan 0-0: Foul Ball, location: 2F
0-1: Called Strike
0-2: Strikes out swinging
Batting: SHB Marcos Román 0-0: Ball
1-0: Foul Ball, location: 2F
1-1: Swinging Strike
1-2: Ball
2-2: Foul Ball, location: 2F
2-2: Ball
3-2: Fly out, F8 (Line Drive, 8RD, EV 89.4 MPH)
Top of the 1st over - 0 runs, 0 hits, 0 errors, 0 left on base; Belleville 0 - Monroeville 0
BOTTOM OF THE 1ST
Monroeville Yinzers batting - Pitching for Belleville Bulls : RHP Mark Wells
Pitching: RHP Mark Wells
Batting: RHB Ryan McCarty 0-0: Called Strike
0-1: Fly out, F8 (Flyball, 8LD, EV 86.2 MPH)
Batting: RHB Shuan-yan Bu 0-0: Fly out, F7 (Flyball, 7LD, EV 111.2 MPH)
Batting: RHB Adam Cunningham 0-0: Ground out 6-3 (Groundball, 6S, EV 84.4 MPH)
Bottom of the 1st over - 0 runs, 0 hits, 0 errors, 0 left on base; Belleville 0 - Monroeville 0
TOP OF THE 2ND
Belleville Bulls batting - Pitching for Monroeville Yinzers : RHP Todd Hunter
Batting: LHB Ewold de Regt 0-0: Called Strike
0-1: Fly out, F8 (Flyball, 8LS, EV 78.8 MPH)
Batting: RHB Joe Padilla 0-0: Called Strike
0-1: Swinging Strike
0-2: Ball
1-2: Foul Ball, location: 2F
1-2: Ground out U3 (Groundball, 34, EV 85.0 MPH)
Batting: RHB Boyd Tholen 0-0: Ball
1-0: Ball
2-0: Foul Ball, location: 2F
2-1: Fly out, F7 (Flyball, 7, EV 93.1 MPH)
Top of the 2nd over - 0 runs, 0 hits, 0 errors, 0 left on base; Belleville 0 - Monroeville 0
BOTTOM OF THE 2ND
Monroeville Yinzers batting - Pitching for Belleville Bulls : RHP Mark Wells
Batting: RHB Félix Pacheco 0-0: Ball
1-0: Ground out 6-3 (Groundball, 6, EV 98.8 MPH)
Batting: RHB David Ferris 0-0: Ball
1-0: Called Strike
1-1: Foul Ball, location: 2F
1-2: Strikes out swinging
Batting: RHB Si-xun Jin 0-0: Swinging Strike
0-1: Foul Ball, location: 2F
0-2: SINGLE (Groundball, 56D, EV 104.4 MPH)
Batting: SHB Chong-hun Cho 0-0: Ball
1-0: Foul Ball, location: 2F
1-1: Fly out, F6 (Popup, 6MS, EV 73.1 MPH)
Bottom of the 2nd over - 0 runs, 1 hit, 0 errors, 1 left on base; Belleville 0 - Monroeville 0
TOP OF THE 3RD
Belleville Bulls batting - Pitching for Monroeville Yinzers : RHP Todd Hunter
Batting: SHB Russ King 0-0: Called Strike
0-1: Ball
1-1: Swinging Strike
1-2: Ball
2-2: Ground out 6-3 (Groundball, 6, EV 102.5 MPH)
Batting: SHB Kenny Dixon 0-0: Called Strike
0-1: Ball
1-1: Called Strike
1-2: Strikes out swinging
Batting: RHB Cameron Loverock 0-0: SINGLE (Groundball, 6D, EV 103.8 MPH)
Batting: LHB Knox Loposer 0-0: Called Strike
0-1: Called Strike
0-2: Ball
1-2: Ball
2-2: Ball
3-2: Base on Balls
Cameron Loverock to second
Batting: LHB Tony McMillan 0-0: Ball
1-0: Fly out, F4 (Popup, 3S, EV 81.9 MPH)
Top of the 3rd over - 0 runs, 1 hit, 0 errors, 2 left on base; Belleville 0 - Monroeville 0
BOTTOM OF THE 3RD
Monroeville Yinzers batting - Pitching for Belleville Bulls : RHP Mark Wells
Batting: RHB Stu Roberts 0-0: Ball
1-0: Ball
2-0: Ball
3-0: Called Strike
3-1: Called Strike
3-2: Foul Ball, location: 2F
3-2: Base on Balls
Batting: RHB Christian Bray 0-0: Ball
1-0: Called Strike
1-1: Called Strike
1-2: DOUBLE (Line Drive, 89D, EV 106.2 MPH)
Stu Roberts to third
Batting: RHB Ryan McCarty 0-0: Called Strike
0-1: Foul Ball, location: 2F
0-2: Strikes out swinging
Batting: RHB Shuan-yan Bu 0-0: Ball
1-0: Called Strike
1-1: Foul Ball, location: 2F
1-2: Strikes out swinging
Batting: RHB Adam Cunningham 0-0: Ball
1-0: Foul Ball, location: 2F
1-1: Foul Ball, location: 2F
1-2: Ball
2-2: Ground out 5-3 (Groundball, 56, EV 83.1 MPH)
Bottom of the 3rd over - 0 runs, 1 hit, 0 errors, 2 left on base; Belleville 0 - Monroeville 0
TOP OF THE 4TH
Belleville Bulls batting - Pitching for Monroeville Yinzers : RHP Todd Hunter
Batting: SHB Marcos Román 0-0: Ball
1-0: Foul Ball, location: 2F
1-1: Foul Ball, location: 2F
1-2: Ball
2-2: Reached on error, E3 (Groundball, 3, EV 103.1 MPH)
Batting: LHB Ewold de Regt 0-0: Ball
Marcos Román steals 2nd base (no throw)
1-0: Ground out 2-3 (Groundball, 2R, EV 70.6 MPH)
Marcos Román to third
Batting: RHB Joe Padilla 0-0: Swinging Strike
0-1: Fly out, F9 (Flyball, 9, EV 76.9 MPH)
Runner from 3rd tags up, OUT at HOME! 9-2
Top of the 4th over - 0 runs, 0 hits, 1 error, 0 left on base; Belleville 0 - Monroeville 0
BOTTOM OF THE 4TH
Monroeville Yinzers batting - Pitching for Belleville Bulls : RHP Mark Wells
Batting: RHB Félix Pacheco 0-0: Called Strike
0-1: DOUBLE (Flyball, 9LD, EV 104.4 MPH)
Batting: RHB David Ferris 0-0: Ball
1-0: Fly out, F8 (Flyball, 8LXD, EV 88.8 MPH)
Runner from 2nd tags up, SAFE at 3rd, no throw by CF
Batting: RHB Si-xun Jin 0-0: Ball
1-0: Called Strike
1-1: SINGLE (Groundball, 56D, EV 93.8 MPH)
Félix Pacheco scores
Batting: SHB Chong-hun Cho 0-0: Called Strike
0-1: Called Strike
0-2: Foul Ball, location: 2F
0-2: Strikes out looking
Batting: RHB Stu Roberts 0-0: Called Strike
0-1: Ball
1-1: Fly out, F3 (Popup, 3SF, EV 83.1 MPH)
Bottom of the 4th over - 1 run, 2 hits, 0 errors, 1 left on base; Belleville 0 - Monroeville 1
TOP OF THE 5TH
Belleville Bulls batting - Pitching for Monroeville Yinzers : RHP Todd Hunter
Batting: RHB Boyd Tholen 0-0: Called Strike
0-1: Ball
1-1: Foul Ball, location: 2F
1-2: Foul Ball, location: 2F
1-2: Foul Ball, location: 2F
1-2: Ball
2-2: Ground out 6-3 (Groundball, 6, EV 85.6 MPH)
Batting: SHB Russ King 0-0: Ground out 6-3 (Groundball, 6M, EV 87.5 MPH)
Batting: SHB Kenny Dixon 0-0: Ground out 4-3 (Groundball, 4, EV 101.9 MPH)
Top of the 5th over - 0 runs, 0 hits, 0 errors, 0 left on base; Belleville 0 - Monroeville 1
BOTTOM OF THE 5TH
Monroeville Yinzers batting - Pitching for Belleville Bulls : RHP Mark Wells
Batting: RHB Christian Bray 0-0: Ball
1-0: Foul Ball, location: 2F
1-1: Ground out 4-3 (Groundball, 4, EV 87.5 MPH)
Batting: RHB Ryan McCarty 0-0: Ball
1-0: Ball
2-0: Called Strike
2-1: SINGLE (Line Drive, 56D, EV 95.6 MPH)
Batting: RHB Shuan-yan Bu 0-0: Ball
Ryan McCarty steals 2nd base
1-0: Swinging Strike
1-1: Fly out, F5 (Popup, 5F, EV 62.5 MPH)
Batting: RHB Adam Cunningham 0-0: Called Strike
0-1: Ball
Ryan McCarty is caught stealing 3rd base 2-5
Bottom of the 5th over - 0 runs, 1 hit, 0 errors, 0 left on base; Belleville 0 - Monroeville 1
TOP OF THE 6TH
Belleville Bulls batting - Pitching for Monroeville Yinzers : RHP Todd Hunter
Batting: RHB Cameron Loverock 0-0: Called Strike
0-1: Swinging Strike
0-2: Ball
1-2: Strikes out looking
Batting: LHB Knox Loposer 0-0: Foul Ball, location: 2F
0-1: Ball
1-1: SINGLE (Groundball, 4MD, EV 100.0 MPH)
Batting: LHB Tony McMillan 0-0: Fly out, F7 (Flyball, 7LS, EV 88.1 MPH)
Batting: SHB Marcos Román 0-0: Ball
Knox Loposer is caught stealing 2nd base 2-6
Top of the 6th over - 0 runs, 1 hit, 0 errors, 0 left on base; Belleville 0 - Monroeville 1
BOTTOM OF THE 6TH
Monroeville Yinzers batting - Pitching for Belleville Bulls : RHP Mark Wells
Batting: RHB Adam Cunningham 0-0: Called Strike
0-1: Foul Ball, location: 2F
0-2: Fly out, F8 (Flyball, 8LM, EV 92.5 MPH)
Batting: RHB Félix Pacheco 0-0: Ball
1-0: Fly out, F8 (Line Drive, 8RD, EV 95.0 MPH)
Batting: RHB David Ferris 0-0: Called Strike
0-1: Foul Ball, location: 2F
0-2: Ball
1-2: Foul Ball, location: 2F
1-2: Ball
2-2: Foul Ball, location: 2F
2-2: Ball
3-2: SOLO HOME RUN (Flyball, 7D, EV 93.1 MPH) (Inside the Park)
Batting: RHB Si-xun Jin 0-0: Fly out, F8 (Flyball, 8LM, EV 92.5 MPH)
Bottom of the 6th over - 1 run, 1 hit, 0 errors, 0 left on base; Belleville 0 - Monroeville 2
TOP OF THE 7TH
Belleville Bulls batting - Pitching for Monroeville Yinzers : RHP Todd Hunter
Batting: SHB Marcos Román 0-0: Ball
1-0: Ball
2-0: Ball
3-0: Called Strike
3-1: Foul Ball, location: 2F
3-2: SINGLE (Line Drive, 9S, EV 92.5 MPH)
Batting: LHB Ewold de Regt 0-0: Foul Ball, location: 2F
0-1: Ball
1-1: Ground out 3-1 (Groundball, 34S, EV 75.0 MPH)
Marcos Román to second
Batting: RHB Joe Padilla 0-0: Called Strike
0-1: Swinging Strike
0-2: Ball
1-2: Ground out 4-3 (Groundball, 4M, EV 95.0 MPH)
Marcos Román to third
Batting: RHB Boyd Tholen 0-0: Foul Ball, location: 2F
0-1: Foul Ball, location: 2F
0-2: Ball
1-2: Ball
2-2: Ball
3-2: Fly out, F8 (Line Drive, 8LD, EV 86.2 MPH)
Top of the 7th over - 0 runs, 1 hit, 0 errors, 1 left on base; Belleville 0 - Monroeville 2
BOTTOM OF THE 7TH
Monroeville Yinzers batting - Pitching for Belleville Bulls : RHP Mark Wells
Batting: SHB Chong-hun Cho 0-0: Ball
1-0: Ball
2-0: Ball
3-0: Called Strike
3-1: Called Strike
3-2: Ground out U3 (Groundball, 34, EV 97.5 MPH)
Batting: RHB Stu Roberts 0-0: Called Strike
0-1: Ball
1-1: Ball
2-1: Ball
3-1: Called Strike
3-2: Foul Ball, location: 2F
3-2: Foul Ball, location: 2F
3-2: Strikes out swinging
Batting: RHB Christian Bray 0-0: Ball
1-0: Swinging Strike
1-1: Called Strike
1-2: Foul Ball, location: 2F
1-2: Strikes out looking
Bottom of the 7th over - 0 runs, 0 hits, 0 errors, 0 left on base; Belleville 0 - Monroeville 2
TOP OF THE 8TH
Belleville Bulls batting - Pitching for Monroeville Yinzers : RHP Todd Hunter
Pitching: RHP Freddy León
Batting: SHB Russ King 0-0: Fly out, F9 (Flyball, 89M, EV 87.5 MPH)
Batting: SHB Kenny Dixon 0-0: Called Strike
0-1: Foul Ball, location: 2F
0-2: Strikes out swinging
Batting: RHB Cameron Loverock 0-0: Ball
1-0: Fly out, F8 (Flyball, 8RXD, EV 91.9 MPH)
Top of the 8th over - 0 runs, 0 hits, 0 errors, 0 left on base; Belleville 0 - Monroeville 2
BOTTOM OF THE 8TH
Monroeville Yinzers batting - Pitching for Belleville Bulls : RHP Mark Wells
Pitching: RHP Luis Martínez
Batting: RHB Ryan McCarty 0-0: Ball
1-0: Fly out, F8 (Flyball, 78S, EV 80.0 MPH)
Batting: RHB Shuan-yan Bu 0-0: Called Strike
0-1: Foul Ball, location: 2F
0-2: Strikes out swinging
Batting: RHB Adam Cunningham 0-0: Ball
1-0: Swinging Strike
1-1: Foul Ball, location: 2F
1-2: Strikes out swinging
Bottom of the 8th over - 0 runs, 0 hits, 0 errors, 0 left on base; Belleville 0 - Monroeville 2
TOP OF THE 9TH
Belleville Bulls batting - Pitching for Monroeville Yinzers : RHP Freddy León
Pitching: RHP Edward Swetnam
Batting: LHB Knox Loposer 0-0: Ball
1-0: Ball
2-0: TRIPLE (Flyball, 89XD, EV 109.4 MPH)
Batting: LHB Tony McMillan 0-0: Foul Ball, location: 2F
0-1: Ground out 3-1 (Groundball, 34S, EV 80.0 MPH)
Knox Loposer scores
Batting: SHB Marcos Román 0-0: Foul Ball, location: 2F
0-1: Ball
1-1: Ball
2-1: Foul Ball, location: 2F
2-2: Ball
3-2: Fly out, F9 (Flyball, 9LS, EV 92.5 MPH)
Batting: LHB Ewold de Regt 0-0: Ground out 4-3 (Groundball, 4, EV 93.1 MPH)
Top of the 9th over - 1 run, 1 hit, 0 errors, 0 left on base; Belleville 1 - Monroeville 2
Tuesday, January 5th, 2021 - OOTP Baseball 20.8 Build 74